 Dungeon Crawl Stone Soup version 0.21-a0-225-g207ae17 (webtiles) character file.

5453 tidbits the Fighter (level 10, -12/91 HPs)
             Began as a Demigod Wanderer on Aug 28, 2017.
             Mangled by Urug
             ... wielding a +4 great mace of protection
              (27 damage)
             ... on level 10 of the Dungeon.
             The game lasted 00:43:00 (3607 turns).

tidbits the Fighter (Demigod Wanderer)              Turns: 3607, Time: 00:43:01

Health: -12/91     AC:  7    Str: 15    XL:     10   Next: 18%
Magic:  2/17       EV: 14    Int: 20    God:
Gold:   204        SH:  5    Dex: 17    Spells: 1/14 levels left

rFire    . . .     SeeInvis .   b - +1 shortbow (flame)
rCold    . . .     Gourm    .   (shield currently unavailable)
rNeg     + . .     Faith    .   B - +0 troll leather armour
rPois    .         Spirit   .   E - +2 hat
rElec    .         Reflect  +   (no cloak)
rCorr    .         Harm     .   G - +0 pair of gloves
MR       +....                  (no boots)
Stlth    ++........             s - +5 amulet of reflection
HPRegen  0.65/turn              l - ring of positive energy
MPRegen  0.15/turn              (no ring)

@: very slightly contaminated
A: high mp 1
a: no special abilities


You were on level 10 of the Dungeon.
You were hungry.

You visited 1 branch of the dungeon, and saw 10 of its levels.

You collected 204 gold pieces.

Inventory:

Hand Weapons
 a - a +0 rapier of speed
   (You found it on level 5 of the Dungeon)
 b - a +1 shortbow of flaming (weapon)
   (You took it off a centaur on level 6 of the Dungeon)
 d - a +0 short sword
 g - a cursed +0 hand axe
 i - a +1 scimitar of flaming
   (You took it off Erica on level 10 of the Dungeon)
 m - a +0 long sword
 q - a +0 rapier
 v - a +2 shortbow
 A - a +0 trident
 H - a +0 whip of flaming
   (You took it off Pikel on level 6 of the Dungeon)
Missiles
 w - 46 sling bullets
 x - 66 arrows
 C - 3 tomahawks (quivered)
Armour
 e - a +0 robe
 u - a +1 leather armour of positive energy
   (You took it off an orc on level 5 of the Dungeon)
 B - a +0 troll leather armour (worn)
 E - a +2 hat (worn)
 G - a +0 pair of gloves (worn)
Jewellery
 l - a ring of positive energy (left hand)
   (You found it on level 2 of the Dungeon)
 p - an uncursed amulet of faith
   (You found it on level 2 of the Dungeon)
 s - a +5 amulet of reflection (around neck)
   (You found it on level 5 of the Dungeon)
Wands
 N - a wand of flame (8/48)
Scrolls
 h - a scroll of immolation
 j - a scroll of magic mapping
 k - a scroll of recharging {unknown}
 n - a scroll of amnesia {unknown}
 o - a scroll of fog
 r - 3 scrolls of remove curse
 t - a scroll of teleportation
 I - a scroll of enchant weapon {unknown}
 L - a scroll of silence {unknown}
 M - a scroll of acquirement {unknown}
Potions
 c - a potion of curing
 y - 2 potions of flight
 F - a potion of cancellation
 J - a potion of ambrosia
Books
 z - a book of Changes
   (You found it on level 5 of the Dungeon)

   Spells                             Type                      Level
   a - Beastly Appendage              Transmutation                1
   b - Sticks to Snakes               Transmutation                2
   c - Spider Form                    Transmutation/Poison         3
   d - Ice Form                       Ice/Transmutation            4
   e - Blade Hands                    Transmutation                5
 D - a book of Minor Magic
   (You found it on level 9 of the Dungeon)

   Spells                             Type                      Level
   a - Magic Dart                     Conjuration                  1
   b - Blink                          Translocation                2
   c - Call Imp                       Summoning                    2
   d - Slow                           Hexes                        2
   e - Conjure Flame                  Conjuration/Fire             3
   f - Mephitic Cloud                 Conjuration/Poison/Air       3
Comestibles
 f - 5 bread rations
 K - 24 fruits


   Skills:
 - Level 9.1 Fighting
 - Level 1.7 Bows
 - Level 1.7 Armour
 - Level 4.3 Dodging
 - Level 1.0 Stealth
 * Level 8.2 Unarmed Combat
 - Level 2.6 Spellcasting
 + Level 5.8 Transmutations
 - Level 1.0 Evocations


You had one spell level left.
You knew the following spells:

 Your Spells              Type           Power        Failure   Level  Hunger
b - Blink                 Tloc           N/A          28%         2    ##.....
e - Beastly Appendage     Tmut           ####..       1%          1    None
h - Blade Hands           Tmut           ####......   41%         5    ######.
k - Sticks to Snakes      Tmut           ####....     2%          2    ##.....
p - Spider Form           Tmut/Pois      ##........   16%         3    ###....


Dungeon Overview and Level Annotations

Branches:
Dungeon (10/15)            Temple (0/1) D:6
   Lair: D:8-11         Orc: D:9-12

Shops:
D:9 (

Annotations:
D:6 Menkaure
D:10 Urug


Innate Abilities, Weirdness & Mutations

You have an increased reservoir of magic. (+10% MP)


Message History

Erica hits you with a scimitar of flaming.
Erica burns you.
* * * LOW HITPOINT WARNING * * *
You slice Erica!!
Erica is severely wounded.
You feel sick.
Your adder bites Erica.
Erica is poisoned.
Your adder poisons Erica!
Your ball python completely misses Erica.
Your ball python constricts Erica.
You slash Erica!
You kill Erica!
Your Unarmed Combat skill increases to level 8!
You feel sick.
Your ball python withers and dies!
Things that are here:
a scimitar of flaming; a robe
i - a scimitar of flaming Your transformation is almost over.
You swap places.
You feel sick.
You feel sick.
I - a scroll labeled GUHIASCHARYT You swap places.
You feel sick.
You see here a robe.
You feel sick.
Your hands revert to their normal proportions.
Your +1 shortbow of flaming unmelds from your body.
Your +0 pair of gloves unmelds from your body.
Your +1 shortbow of flaming bursts into flame!
There is a stone staircase leading down here.
You open the door.
Found a falchion.
You feel sick.
There is an open door here.
You feel sick.
Your adder withers and dies!
As you open the door, it creaks loudly!
There is an open door here.
You feel sick.
You are no longer poisoned.
You open the door.
Found a ring mail.
There is an open door here.
Urug the Orcish Ballista comes into view.
She is wielding a great mace of protection.
Urug throws a poisoned javelin.
The poisoned javelin hits you.
You are poisoned.
You see here a poisoned javelin.
You feel sick.
There is an open door here.
You feel sick.
You close the door.
You feel sick.
You feel better.
Something unseen opens the door.
There is an open door here.
Okay, then.
Casting: Sticks to Snakes
Confirm with . or Enter, or press ? or * to list all spells.
The spell is very dangerous to cast!
Continue anyway?
Your hands turn into razor-sharp scythe blades.
Your +1 shortbow of flaming melds into your body.
Your +0 pair of gloves melds into your body.
Your +1 shortbow of flaming stops flaming.
You are feeling hungry.
Casting: Blade Hands
Confirm with . or Enter, or press ? or * to list all spells.
You miscast Sticks to Snakes.
Your hair momentarily turns into snakes!
Casting: Sticks to Snakes
Confirm with . or Enter, or press ? or * to list all spells.
You create a snake!
You now have 66 arrows.
Your transformation is almost over.
Urug throws a poisoned javelin.
The poisoned javelin hits you!
You are poisoned.
You see here a poisoned javelin.
You feel sick.
You feel sick.
You feel sick.
Urug hits you with a great mace of protection!
* * * LOW HITPOINT WARNING * * *
You see here a poisoned javelin.
You hit Urug but do no damage.
You feel sick.
Urug hits you with a great mace of protection!!
* * * LOW HITPOINT WARNING * * *
You feel better.
Your ball python barely misses Urug.
Your ball python grabs Urug.
Your ball python constricts Urug.
You hit Urug but do no damage.
Your ball python bites Urug but does no damage.
Your ball python constricts Urug.
Urug hits you with a great mace of protection.
* * * LOW HITPOINT WARNING * * *
You slice Urug!!
Urug is moderately wounded.
Your hands revert to their normal proportions.
Your +1 shortbow of flaming unmelds from your body.
Your +0 pair of gloves unmelds from your body.
Your +1 shortbow of flaming bursts into flame!
Your ball python bites Urug but does no damage.
Your ball python constricts Urug.
Urug hits you with a great mace of protection!!
You die...

...#...........
#......
...............
#...... #..(.......
######. ##o########
#.. #....#### #.#
####....# ###.#
####.# #....
####o###### #....
#..@S.....# ####....
#.........###..[....
+.........'>..##....
#.........######....
#.....)...# #....
########### #....
####> . ##.


You could see Urug and a friendly ball python.

Vanquished Creatures
  Gastronok (D:8)
  Erica (D:10)
  Pikel (D:6)
  A troll (D:9)
  2 hungry ghosts
  The ghost of tidbits the Insei, an amateur DgTm (D:4)
  An orc warrior (D:9)
  2 sky beasts
  A necrophage (D:5)
  2 ogres (D:5)
  2 centaurs
  A crocodile (D:10)
  A big kobold (D:10)
  6 bullfrogs
  The ghost of p0werm0de the Skirmisher, a weakling DgWn (D:3)
  3 scorpions
  A killer bee (D:8)
  5 wights (D:10)
  A quasit (D:7)
  An orc priest (D:5)
  A hound (D:5)
  A jelly (D:6)
  A bullfrog skeleton (D:9)
  Jessica (D:2)
  An iguana (D:5)
  2 orc wizards (D:5)
  5 worker ants
  A hound skeleton (D:3)
  A worker ant zombie (D:5)
  9 adders
  A shadow imp (D:6)
  An ooze (D:3)
  An adder skeleton (D:4)
  2 worms
  2 dart slugs
  4 leopard geckos
  13 orcs
  3 giant cockroaches
  4 goblins
  3 hobgoblins
  12 jackals
  3 kobolds
  A quokka (D:6)
  A ball python (D:2)
  4 bats
  4 frilled lizards
  A quokka skeleton (D:6)
  2 rats
120 creatures vanquished.

Vanquished Creatures (collateral kills)
  A hungry ghost (D:8)
  A black bear (D:9)
  A bullfrog (D:10)
  2 orc priests
  An adder skeleton (D:10)
  A jackal (D:8)
7 creatures vanquished.

Grand Total: 127 creatures vanquished

Notes
Turn   | Place    | Note
-------+----------+-------------------------------------------
     0 | D:1      | tidbits the Demigod Wanderer began the quest for the Orb.
     0 | D:1      | tidbits set off with: a +2 shortbow, 26 arrows, a potion of curing, a potion of lignification, a +0 robe, a bread ration
     0 | D:1      | Reached XP level 1. HP: 19/19 MP: 3/3
    38 | D:1      | Reached skill level 4 in Fighting
   123 | D:1      | Reached XP level 2. HP: 14/27 MP: 5/5
   227 | D:2      | Noticed Jessica
   237 | D:2      | Killed Jessica
   237 | D:2      | Reached XP level 3. HP: 29/35 MP: 6/6
   315 | D:2      | Reached skill level 5 in Fighting
   451 | D:3      | Noticed p0werm0de's ghost (weakling DgWn)
   461 | D:3      | Killed p0werm0de's ghost
   461 | D:3      | Reached XP level 4. HP: 25/42 MP: 7/7
   692 | D:5      | Entered Level 5 of the Dungeon
   696 | D:5      | Reached skill level 6 in Fighting
   696 | D:5      | Reached XP level 5. HP: 50/50 MP: 8/8
   730 | D:4      | Noticed tidbits's ghost (amateur DgTm)
   750 | D:4      | Killed tidbits's ghost
   861 | D:5      | Reached XP level 6. HP: 42/58 MP: 9/9
   868 | D:5      | Reached skill level 7 in Fighting
  1068 | D:6      | Found an opulent altar of Gozag.
  1068 | D:6      | Noticed Menkaure
  1197 | D:5      | Reached skill level 8 in Fighting
  1197 | D:5      | Reached XP level 7. HP: 42/66 MP: 10/10
  1641 | D:5      | Learned a level 1 spell: Beastly Appendage
  1645 | D:5      | Learned a level 2 spell: Sticks to Snakes
  1649 | D:5      | Learned a level 3 spell: Spider Form
  1834 | D:5      | Reached skill level 9 in Fighting
  1968 | D:6      | Reached skill level 1 in Transmutations
  2003 | D:6      | HP: 6/70 [centaur (6)]
  2077 | D:6      | Reached skill level 1 in Spellcasting
  2077 | D:6      | Reached skill level 2 in Transmutations
  2188 | D:6      | Noticed Pikel
  2200 | D:6      | Killed Pikel
  2200 | D:6      | Reached skill level 2 in Spellcasting
  2200 | D:6      | Reached skill level 4 in Transmutations
  2200 | D:6      | Reached XP level 8. HP: 51/78 MP: 8/14
  2238 | D:6      | Found a staircase to the Ecumenical Temple.
  2362 | D:7      | Learned a level 5 spell: Blade Hands
  2405 | D:7      | Reached skill level 1 in Unarmed Combat
  2493 | D:8      | Reached skill level 1 in Dodging
  2586 | D:8      | Reached skill level 2 in Unarmed Combat
  2654 | D:8      | Noticed Gastronok
  2683 | D:8      | HP: 3/78 [Gastronok (38)]
  2687 | D:8      | Killed Gastronok
  2687 | D:8      | Reached skill level 4 in Dodging
  2687 | D:8      | Reached skill level 6 in Unarmed Combat
  2687 | D:8      | Reached XP level 9. HP: 4/83 MP: 9/16
  2970 | D:9      | Found Vicij's Weapon Emporium.
  2972 | D:9      | Noticed a two-headed ogre
  3013 | D:9      | Learned a level 2 spell: Blink
  3114 | D:10     | Entered Level 10 of the Dungeon
  3154 | D:10     | Reached skill level 7 in Unarmed Combat
  3166 | D:10     | Reached skill level 5 in Transmutations
  3391 | D:10     | Reached XP level 10. HP: 85/91 MP: 5/17
  3531 | D:10     | Noticed Erica
  3550 | D:10     | Killed Erica
  3550 | D:10     | Reached skill level 8 in Unarmed Combat
  3582 | D:10     | Noticed Urug
  3607 | D:10     | Mangled by Urug

Vault maps used:
D:1:      minmay_arrival_doors
D:2:      nicolae_ru_the_path_less_chosen, uniq_jessica
D:4:      serial_co_window_serial, co_window_cross_1, co_window_paths_a,
          co_window_of_opportunity_a, co_window_of_opportunity_a,
          co_window_paths_b, co_window_unsneaky_path_c, co_window_corner_b,
          co_window_2corner, co_window_2corner, co_window_corner_b,
          co_window_broadway_c, glass_columns_b, glass_columns_b,
          glass_columns_a
D:5:      first_bread, portal_sewer_entry_d
D:6:      minmay_temple_entry_nine_rooms, nicolae_gozag_seed_capital,
          uniq_menkaure, uniq_pikel
D:7:      lemuel_old_faithful
D:8:      uniq_gastronok
D:9:      serial_shops, nicolae_shop_stone
D:10:     erik_lair_dragon, blue_anna_alchemist, uniq_urug, uniq_erica

Skill      XL: |  1  2  3  4  5  6  7  8  9 10 |
---------------+-------------------------------+-----
Fighting       | 4 5 6 8 9 |  9.1
Transmutations | 4 5 |  5.8
Spellcasting   | 2 |  2.6
Unarmed Combat | 6 7 8 |  8.2
Dodging        | 4 |  4.3
Bows           | |  1.7
Armour         | |  1.7
Stealth        | |  1.0
Evocations     | |  1.0

Action                   |  1- 3 |  4- 6 |  7- 9 | 10-12 || total
-------------------------+-------+-------+-------+-------++-------
Melee: Unarmed           |       |       |    91 |    14 ||   105
       Rapier            |       |       |     2 |       ||     2
       Punch             |       |       |     1 |       ||     1
 Fire: Shortbow          |    77 |   118 |   167 |     5 ||   367
 Cast: Spider Form       |       |       |    13 |       ||    13
       Sticks to Snakes  |       |       |    33 |     6 ||    39
       Blade Hands       |       |       |     4 |     3 ||     7
       Blink             |       |       |     5 |       ||     5
 Abil: End Transformatio |       |       |     1 |       ||     1
  Use: Potion            |     1 |     3 |     5 |     3 ||    12
       Scroll            |       |     2 |    11 |       ||    13
 Stab: Distracted        |       |       |     1 |       ||     1
  Eat: Chunk             |       |     1 |     9 |     2 ||    12
       Royal jelly       |       |       |     1 |     1 ||     2
       Meat ration       |       |       |     1 |       ||     1
Armor: Robe              |     5 |     7 |       |       ||    12
       Skin              |    10 |       |     3 |       ||    13
       Leather armour    |       |    17 |    35 |       ||    52
       Troll leather arm |       |       |     1 |       ||     1
Dodge: Dodged            |    16 |    44 |   116 |     2 ||   178
Block: Other             |       |       |    35 |     1 ||    36

Table legend:
 A = Spawn XP
 B = Non-spawn XP
 C = Spawn XP percentage of total XP
 D = Spawn monster count
 E = Non-spawn monster count
 F = Spawn count percentage of total count
 G = Total turns spent on level
                    A         B        C        D         E        F      G
               +---------+---------+-------+---------+---------+-------+---------
         Total |      99 |    7692 |   1.3 |       6 |     121 |   4.7 |  3607
               +---------+---------+-------+---------+---------+-------+---------
           D:1 |       0 |      16 |   0.0 |       0 |       8 |   0.0 |   135
           D:2 |       0 |      72 |   0.0 |       0 |      14 |   0.0 |   271
           D:3 |       0 |     139 |   0.0 |       0 |      19 |   0.0 |   367
           D:4 |       1 |     194 |   0.5 |       1 |       5 |  16.7 |   417
           D:5 |      13 |     928 |   1.4 |       1 |      30 |   3.2 |   766
           D:6 |       4 |     955 |   0.4 |       2 |      10 |  16.7 |   378
           D:7 |       0 |     155 |   0.0 |       0 |       2 |   0.0 |   103
           D:8 |       1 |    2269 |   0.0 |       1 |       5 |  16.7 |   341
           D:9 |       0 |    1157 |   0.0 |       0 |      13 |   0.0 |   403
          D:10 |      80 |    1807 |   4.2 |       1 |      15 |   6.2 |   426
               +---------+---------+-------+---------+---------+-------+---------

Table legend:
 A = Turns spent in this place as a percentage of turns spent in the entire game.
 B = Non-inter-level travel turns spent in this place as a percentage of non-inter-level travel turns spent in the entire game.
 C = Inter-level travel turns spent in this place as a percentage of turns spent in this place.
 D = Turns resting spent in this place as a percentage of non-inter-level travel turns spent in this place.
 E = Turns spent auto-exploring this place as a percentage of non-inter-level travel turns spent in this place.
 F = Non-inter-level travel turns spent in this place divided by the number of levels of this place that you've seen.
                   A       B       C       D       E      F
               +-------+-------+-------+-------+-------+----------------------
         Total | 100.0 | 100.0 |   4.2 |   0.0 |   0.0 | 345.7
       Dungeon | 100.0 | 100.0 |   4.2 |   0.0 |   0.0 | 345.7
               +-------+-------+-------+-------+-------+----------------------

Table legend:
 A = Kills in this place as a percentage of kills in entire the game.
 B = Kills by you in this place as a percentage of kills by you in the entire game.
 C = Kills by friends in this place as a percentage of kills by friends in the entire game.
 D = Other kills in this place as a percentage of other kills in the entire game.
 E = Experience gained in this place as a percentage of experience gained in the entire game.
 F = Experience gained in this place divided by the number of levels of this place that you have seen.
                   A       B       C       D       E      F
               +-------+-------+-------+-------+-------+----------------------
         Total | 100.0 | 100.0 | 100.0 |   N/A | 100.0 | 779.1
       Dungeon | 100.0 | 100.0 | 100.0 |   N/A | 100.0 | 779.1
               +-------+-------+-------+-------+-------+----------------------

Vault maps used:
D:1:      minmay_arrival_doors
D:2:      nicolae_ru_the_path_less_chosen, uniq_jessica
D:4:      serial_co_window_serial, co_window_cross_1, co_window_paths_a,
          co_window_of_opportunity_a, co_window_of_opportunity_a,
          co_window_paths_b, co_window_unsneaky_path_c, co_window_corner_b,
          co_window_2corner, co_window_2corner, co_window_corner_b,
          co_window_broadway_c, glass_columns_b, glass_columns_b,
          glass_columns_a
D:5:      first_bread, portal_sewer_entry_d
D:6:      minmay_temple_entry_nine_rooms, nicolae_gozag_seed_capital,
          uniq_menkaure, uniq_pikel
D:7:      lemuel_old_faithful
D:8:      uniq_gastronok
D:9:      serial_shops, nicolae_shop_stone
D:10:     erik_lair_dragon, blue_anna_alchemist, uniq_urug, uniq_erica
